 Dungeon Crawl Stone Soup version 0.31-a0-180-g519b7de00c (webtiles) character file.

Game seed: 15677590122104643358

80951 qw the Severer (level 15, -4/98 HPs)
             Began as a Gargoyle Fighter on June 19, 2023.
             Was a High Priest of Okawaru.
             Killed from afar by a hell hog (34 damage)
             ... with a fireball
             ... while paralysed by accursed screaming
             ... on level 2 of the Abyss.
             The game lasted 00:15:21 (19778 turns).

qw the Severer (Gargoyle Fighter)                  Turns: 19778, Time: 00:15:21

Health: -4/98      AC: 50    Str: 31    XL:     15   Next: 68%
Magic:  26/31      EV:  2    Int:  4    God:    Okawaru [*****.]
Gold:   821        SH:  0    Dex:  9    Spells: 14/14 levels left

rFire   . . .        Y - +2 war axe (elec)
rCold   + . .        c - +0 buckler
rNeg    + . .        f - +4 plate armour
rPois   inf          e - +2 helmet of the Imp {Regen+}
rElec   +            h - +0 cloak of Qazlal's Inspiration {rC+ MP+9 Str+3}
rCorr   .            x - +2 pair of gloves
SInv    +            r - +2 pair of boots {Stlth+}
Will    +....        i - amulet of reflection Stlth
                     w - +4 ring of protection
HPRegen 0.00/turn    y - ring of see invisible
MPRegen 0.22/turn

%: reflection
@: paralysed, heroic, finesse-ful, flying, inhibited regen, unable to drink
A: sickness immunity, AC +11, big wings, negative energy resistance 1,
electricity resistance, torment resistance 1, petrification resistance, [dopey
2], [inhibited regeneration], [inability to drink after injury 2]
a: Renounce Religion, Heroism, Finesse, Duel


You were on level 2 of the Abyss.
You worshipped Okawaru.
Okawaru was extremely pleased with you.
You visited 3 branches of the dungeon, and saw 21 of its levels.
You visited the Abyss 1 time.
You also visited: Gauntlet.

You collected 1785 gold pieces.
You spent 964 gold pieces at shops.


Innate Abilities, Weirdness & Mutations

You are immune to sickness and miasma.
Your stone body is resilient. (AC +11)
You are immune to poison.
Your large and strong wings let you fly.
You resist negative energy. (rN+)
You are resistant to electric shocks. (rElec)
You are resistant to unholy torment.
You are immune to petrification.
[You are very dopey. (Int -4)]
[You do not regenerate when monsters are visible.]
[You sometimes lose the ability to drink potions when taking damage.]


   Skills:
 - Level 13.0(18.0) Fighting
 - Level 16.0(21.0) Axes
 - Level 7.0(12.0) Throwing
 - Level 13.0(18.0) Armour
 - Level 3.0(8.0) Dodging
 + Level 8.9(13.9) Shields
 - Level 10.0 Invocations


You had 14 spell levels left.
You didn't know any spells.
Your spell library was empty.

Inventory:

Hand Weapons
 s - a +2 hand axe of flaming
 Y - a +2 war axe of electrocution (weapon)
Missiles
 v - a boomerang
 B - 5 javelins
 C - a silver javelin (quivered)
Armour
 c - a +0 buckler (worn)
 e - the +2 helmet of the Imp (worn) {Regen+}
   (You took it off Robin on level 2 of the Dungeon)

   Regen:     It increases your rate of health regeneration.
 f - a +4 plate armour (worn)
 h - the +0 cloak of Qazlal's Inspiration (worn) {rC+ MP+9 Str+3}
   (You found it in a Gauntlet)

   Str:       It affects your strength (+3).
   rC:        It protects you from cold.
   MP:        It affects your magic capacity (+9).
 r - a +2 pair of boots of stealth (worn)
 t - +0 acid dragon scales
 x - a +2 pair of gloves (worn)
Jewellery
 i - an amulet of reflection (around neck)
 w - a +4 ring of protection (left hand)
 y - a ring of see invisible (right hand)
 A - a ring of willpower
 E - a ring of fire
Wands
 k - a wand of digging (5)
Scrolls
 m - 4 scrolls of teleportation
 o - 10 scrolls of identify
Potions
 a - 6 potions of magic
 b - a potion of cancellation
 d - 4 potions of might
 g - a potion of resistance
 j - 8 potions of attraction
 l - a potion of haste
 n - 3 potions of lignification
 p - 3 potions of heal wounds
 q - 6 potions of enlightenment
 u - 5 potions of mutation
 z - 4 potions of curing

Dungeon Overview and Level Annotations

Branches:
Dungeon (15/15)            Temple (1/1) D:4            Lair (5/5) D:11
 Shoals (0/4) Lair:3        Snake (0/4) Lair:2        Slime (0/5) Lair:5
    Orc (0/2) D:10         Vaults (0/5) D:14        Gauntlet (visited)
 Depths: D:15

Altars:
Ashenzari
Cheibriados
Dithmenos
Elyvilon
Fedhas
Gozag
Hepliaklqana
Kikubaaqudgha
Makhleb
Nemelex Xobeh
Okawaru
Qazlal
Ru
Sif Muna
Trog
Uskayaw
Vehumet
Wu Jian
Xom
Yredelemnul
Zin
The Shining One

Shops:
D:6 :!*   D:13 !***

Annotations:
Lair:3 2 transporters


Message History

The hell hog bites you but does no damage.
A chorus of shrieks assaults your mind.
You feel threatened and lose the ability to drink potions!
You barely miss the hell hog.
The hell hog is lightly wounded.
The hell hog breathes fire at you.
The fireball explodes!
The fireball engulfs you!
The fireball engulfs the hell hog.
The hell hog completely resists.
You hear a shout! x2
You barely miss the hell hog.
The hell hog is lightly wounded.
You barely miss the wretched star.
A small abomination comes into view.
You slice the hell hog!!
The hell hog is heavily wounded.
You hit the wretched star.
A starcursed mass splits.
The hell hog closely misses you.
You slash the hell hog!
The hell hog is severely wounded.
You slash the wretched star! You hit the hell hog.
The hell hog is severely wounded.
You hit the wretched star but do no damage.
The hell hog completely misses you.
You slash the hell hog!
The hell hog is severely wounded.
You hit the wretched star.
A starcursed mass splits. x2
A cacophony of accursed wailing tears at your sanity!
You suddenly lose the ability to move!
The wretched star glows turbulently.
The lance of force hits you.
You are knocked back by the lance of force.
A large abomination comes into view.
A starcursed mass splits.
The wretched star pulses with an eldritch light!
Your regeneration stops near monsters.
The hell hog breathes fire at you.
The fireball explodes!
The fireball engulfs you!!
You die...

.###...###...###...
..#.....#..X..#....
................... .
.. ...................
. . .
.....¤.............. #
...#..x..#.....#.... .
........¤.............
.. .......@h...*......
.. ............X......
. ..............X....
. ....
.............XX....
... ##
.....##..#'#.##..X. .
.##......##..#(#.#


XX.X . . ... .... ....#(#.. . . . . #.#.##..##.##.. . ## # . #..#.. . . You
could see 4 starcursed masses, a wretched star, a hell hog (catching breath), a
large abomination and a worldbinder.

Vanquished Creatures
  Jorgrun (D:12)
  A minotaur (Gauntlet)
  4 hydras
  A hell beast (Gauntlet)
  5 vault guards (D:14)
  A catoblepas (D:13)
  A centaur warrior (D:12)
  2 boulder beetles
  2 two-headed ogres
  7 death yaks
  2 hell hogs (Abyss:2)
  A skyshark (Lair:2)
  A fire crab (Gauntlet)
  A goliath frog (Lair:5)
  Lodul (D:10)
  A deep elf archer (D:14)
  A wizard (D:14)
  2 lindwurms
  9 ugly things
  A shining eye (Gauntlet)
  3 manticores (D:14)
  8 cyclopes
  10 elephants
  2 torpor snails
  10 black mambas
  2 gargoyles
  23 cane toads
  An unseen horror (D:11)
  5 rime drakes
  2 kobold demonologists (D:9)
  25 komodo dragons
  A yaktaur (D:14)
  2 tengu conjurers
  4 polar bears
  2 hornets
  A troll (D:14)
  2 tyrant leeches (Lair:5)
  32 blink frogs
  2 dream sheep (Lair:2)
  6 slime creatures
  A vampire (D:12)
  34 yaks
  A wraith (D:7)
  A human (D:14)
  8 wyverns
  2 fire bats (Gauntlet)
  Grum (Lair:1)
  Eustachio (D:6)
  A steam dragon (D:8)
  An unseen horror simulacrum (D:10)
  A golden eye (Gauntlet)
  2 basilisks
  10 vampire mosquitoes
  2 chaos spawn (Abyss:2)
  4 acid dragons
  23 water moccasins
  A swamp drake (Lair:4)
  6 orc warriors
  5 ice beasts (D:10)
  3 sky beasts
  4 black bears
  8 ogres
  4 wolves
  3 centaurs
  2 kobold brigands (D:9)
  16 bullfrogs
  2 gnoll sergeants (D:9)
  3 scorpions
  10 wights
  5 killer bees (D:8)
  6 electric eels
  5 howler monkeys
  11 orc priests
  A hound (D:3)
  2 jellies (Lair:5)
  A gnoll bouda (D:6)
  14 iguanas
  Natasha (thrice) (D:4)
  13 orc wizards
  14 gnolls
  Robin (D:2)
  13 adders
  A river rat (D:3)
  A shadow imp (D:5)
  4 white imps
  A howler monkey simulacrum (D:10)
  An ufetubus (D:10)
  5 worms
  6 dart slugs
  50 orcs
  A bat (D:3)
  6 endoplasms
  2 giant cockroaches
  12 goblins
  7 hobgoblins
  2 quokkas (D:3)
  4 ball pythons
  16 frilled lizards
  6 kobolds
  6 rats
568 creatures vanquished.

Vanquished Creatures (others)
  A boulder beetle (D:12)
  A white imp (D:10)
2 creatures vanquished.

Grand Total: 570 creatures vanquished

Notes
Turn   | Place    | Note
-------+----------+-------------------------------------------
     0 | D:1      | qw the Gargoyle Fighter began the quest for the Orb.
     0 | D:1      | Reached XP level 1. HP: 14/14 MP: 1/1
     0 | D:1      | 0 ||| qw: Version: 0.3-a-7-ge0c9b40
     0 | D:1      | 0 ||| qw: Game counter: 1091
     0 | D:1      | 0 ||| qw: Always use a shield: true
     0 | D:1      | 0 ||| qw: God list: Okawaru
     0 | D:1      | 0 ||| qw: Allow faded altars: false
     0 | D:1      | 0 ||| qw: Do Orc after D:15 true
     0 | D:1      | 0 ||| qw: Do second Lair branch before Depths: true
     0 | D:1      | 0 ||| qw: Lair rune preference: random
     0 | D:1      | 0 ||| qw: Plans: Normal, Zot:1-4, Slime:5, God:TSO, Crypt,
                  | Tomb, Abyss, Pan, Hells, Win
     0 | D:1      | 0 ||| PLANNING D:1-11
    38 | D:1      | Found a faded altar of an unknown god.
   252 | D:1      | Reached skill level 2 in Axes
   275 | D:1      | You fall into a shaft and drop 1 floor!
   338 | D:2      | HP: 3/14 [adder (3)]
   343 | D:2      | Reached XP level 2. HP: 6/19 MP: 2/2
   465 | D:2      | Reached skill level 3 in Axes
   465 | D:2      | Reached XP level 3. HP: 20/23 MP: 3/3
   486 | D:2      | 486 ||| UPGRADING to amulet of reflection.
   491 | D:2      | 491 ||| READING scroll labelled GOJISHRIHAE.
   492 | D:2      | 492 ||| READING scroll labelled SIRUCA SUGOZOA.
   497 | D:2      | 497 ||| FLEEEEING.
   498 | D:2      | 498 ||| STAIRDANCE
  1115 | D:1      | 1115 ||| DRINKING 2 bubbling sapphire potions.
  1180 | D:2      | 1180 ||| Stepping ~*~*~tactically~*~*~ (stealth).
  1194 | D:2      | 1194 ||| Stepping ~*~*~tactically~*~*~ (stealth).
  1197 | D:2      | Identified the +2 helmet of the Imp {Regen+}
  1197 | D:2      | Noticed Robin
  1206 | D:2      | Reached XP level 4. HP: 8/28 MP: 4/4
  1207 | D:2      | Killed Robin
  1207 | D:2      | HP: 7/28 [goblin/+0 club[Robin] (2)]
  1208 | D:2      | Reached skill level 4 in Axes
  1282 | D:2      | 1282 ||| FLEEEEING.
  1300 | D:2      | 1300 ||| Stepping ~*~*~tactically~*~*~ (stealth).
  1301 | D:2      | 1301 ||| Stepping ~*~*~tactically~*~*~ (stealth).
  1479 | D:2      | Found a bloodstained altar of Trog.
  1486 | D:2      | 1486 ||| Stepping ~*~*~tactically~*~*~ (hiding).
  1487 | D:2      | 1487 ||| Stepping ~*~*~tactically~*~*~ (hiding).
  1685 | D:2      | 1685 ||| UPGRADING to +2 helmet of the Imp {Regen+}.
  1697 | D:3      | 1697 ||| PLANNING SEWER
  1785 | D:3      | Noticed a scorpion
  1792 | D:3      | Killed a scorpion
  1793 | D:3      | Reached XP level 5. HP: 32/32 MP: 5/5
  1870 | D:3      | Reached skill level 5 in Axes
  2060 | D:3      | Identified the +0 leather armour of Ignis's Hope {Will++}
  2111 | D:3      | 2111 ||| DROPPING +0 club.
  2186 | D:3      | 2186 ||| Stepping ~*~*~tactically~*~*~ (stealth).
  2276 | D:3      | 2276 ||| Stepping ~*~*~tactically~*~*~ (stealth).
  2286 | D:3      | 2286 ||| DRINKING 3 potions of curing.
  2286 | D:3      | 2286 ||| (to cure confusion)
  2287 | D:3      | 2287 ||| Stepping ~*~*~tactically~*~*~ (stealth).
  2290 | D:3      | 2290 ||| Stepping ~*~*~tactically~*~*~ (hiding).
  2291 | D:3      | 2291 ||| Stepping ~*~*~tactically~*~*~ (hiding).
  2293 | D:3      | 2293 ||| RIP SEWER
  2294 | D:3      | 2294 ||| PLANNING D:1-11
  2304 | D:3      | Reached XP level 6. HP: 38/38 MP: 6/6
  2306 | D:3      | 2306 ||| DROPPING +0 whip.
  2310 | D:3      | 2310 ||| DROPPING +0 mace.
  2456 | D:3      | 2456 ||| DROPPING +0 leather armour of Ignis's Hope
                  | {Will++}.
  2457 | D:3      | 2457 ||| READING scroll labelled TUEBOUG HOVEMEMYI.
  2458 | D:3      | 2458 ||| READING scroll labelled SIN CUNWAZA.
  2473 | D:4      | 2473 ||| Stepping ~*~*~tactically~*~*~ (hiding).
  2483 | D:4      | Reached skill level 1 in Dodging
  2491 | D:4      | 2491 ||| DROPPING +1 mace of protection.
  2617 | D:4      | Noticed Natasha
  2624 | D:4      | Killed Natasha
  2627 | D:4      | Noticed Natasha
  2633 | D:4      | Killed Natasha
  2682 | D:4      | Reached skill level 6 in Axes
  2685 | D:4      | Identified the +0 robe "Ysoesuaf" {rN+}
  2695 | D:4      | Identified the +5 trident of Growth {flame, rElec rF++
                  | rCorr Str-4}
  2764 | D:4      | Noticed a water moccasin
  2786 | D:4      | Killed a water moccasin
  2787 | D:4      | Reached XP level 7. HP: 38/43 MP: 7/7
  2835 | D:4      | Noticed Natasha
  2836 | D:4      | 2836 ||| Stepping ~*~*~tactically~*~*~ (stealth).
  2837 | D:4      | 2837 ||| Stepping ~*~*~tactically~*~*~ (stealth).
  2838 | D:4      | 2838 ||| Stepping ~*~*~tactically~*~*~ (stealth).
  2848 | D:4      | Killed Natasha
  2882 | D:4      | Found a staircase to the Ecumenical Temple.
  2883 | D:4      | 2883 ||| PLANNING TEMPLE
  2883 | D:4      | 2883 ||| READING scroll labelled SEFAPI FYESA.
  2884 | D:4      | 2884 ||| READING scroll labelled LUT WUAZUEL.
  2895 | Temple   | Entered the Ecumenical Temple
  3049 | Temple   | 3049 ||| PLANNING D:1-11
  3093 | D:4      | Found an opulent altar of Gozag.
  3123 | D:4      | 3123 ||| Stepping ~*~*~tactically~*~*~ (hiding).
  3124 | D:4      | 3124 ||| Stepping ~*~*~tactically~*~*~ (hiding).
  3559 | D:4      | 3559 ||| DRINKING 2 metallic yellow potions.
  3582 | D:5      | Entered Level 5 of the Dungeon
  3584 | D:5      | 3584 ||| Stepping ~*~*~tactically~*~*~ (stealth).
  3650 | D:5      | Found a glowing golden altar of the Shining One.
  3721 | D:5      | 3721 ||| Stepping ~*~*~tactically~*~*~ (hiding).
  3722 | D:5      | 3722 ||| Stepping ~*~*~tactically~*~*~ (hiding).
  3726 | D:5      | 3726 ||| Stepping ~*~*~tactically~*~*~ (hiding).
  3731 | D:5      | Reached skill level 7 in Axes
  3840 | D:5      | Found an iron altar of Okawaru.
  3841 | D:5      | 3841 ||| PLANNING OKAWARU WORSHIP
  3933 | D:5      | 3933 ||| Stepping ~*~*~tactically~*~*~ (stealth).
  3934 | D:5      | 3934 ||| Stepping ~*~*~tactically~*~*~ (stealth).
  3959 | D:5      | Reached XP level 8. HP: 50/50 MP: 8/8
  3979 | D:5      | 3979 ||| Stepping ~*~*~tactically~*~*~ (hiding).
  4130 | D:5      | 4130 ||| DRINKING 2 cyan potions.
  4131 | D:5      | 4131 ||| READING 2 scrolls of identify.
  4131 | D:5      | 4131 ||| IDENTIFYING lumpy sapphire potion
  4132 | D:5      | 4132 ||| DROPPING potion of invisibility.
  4133 | D:5      | 4133 ||| DROPPING potion of degeneration.
  4159 | D:5      | Became a worshipper of Warmaster Okawaru
  4160 | D:5      | 4160 ||| PLANNING D:1-11
  4297 | D:6      | Found Fedghoudgh's Book Shoppe.
  4297 | D:6      | Found Nistrab's Distillery.
  4297 | D:6      | Found Naoreiq's General Store.
  4299 | D:6      | 4299 ||| Stepping randomly (stuck).
  4325 | D:6      | 4325 ||| STAIRDANCE
  4328 | D:5      | Reached skill level 1 in Throwing
  4343 | D:6      | 4343 ||| Stepping ~*~*~tactically~*~*~ (stealth).
  4350 | D:6      | 4350 ||| DRINKING 3 potions of curing.
  4350 | D:6      | 4350 ||| (to cure confusion)
  4397 | D:6      | 4397 ||| SHOPLISTING 2 potions of mutation (224 gold, have
                  | 221).
  4397 | D:6      | 4397 ||| BUYING potion of curing (42 gold).
  4397 | D:6      | Bought a potion of curing for 42 gold pieces
  4397 | D:6      | 4397 ||| BUYING potion of curing (42 gold).
  4397 | D:6      | Bought a potion of curing for 42 gold pieces
  4397 | D:6      | 4397 ||| BUYING potion of curing (42 gold).
  4397 | D:6      | Bought a potion of curing for 42 gold pieces
  4397 | D:6      | 4397 ||| BUYING potion of enlightenment (70 gold).
  4397 | D:6      | Bought a potion of enlightenment for 70 gold pieces
  4397 | D:6      | 4397 ||| SHOPLISTING potion of might (56 gold, have 25).
  4438 | D:6      | Noticed Eustachio
  4464 | D:6      | Killed Eustachio
  4480 | D:6      | Reached skill level 8 in Axes
  4507 | D:6      | Reached skill level 6 in Fighting
  4571 | D:6      | Reached * piety under Okawaru
  4580 | D:6      | Reached skill level 1 in Invocations
  4604 | D:6      | Reached XP level 9. HP: 46/55 MP: 10/10
  4641 | D:6      | Found a shimmering altar of Xom.
  4657 | D:6      | Found a sparkling altar of Nemelex Xobeh.
  4737 | D:6      | 4737 ||| Stepping ~*~*~tactically~*~*~ (stealth).
  5137 | D:6      | 5137 ||| UPGRADING to +0 chain mail.
  5147 | D:6      | 5147 ||| DROPPING +0 scale mail.
  5148 | D:6      | 5148 ||| UPGRADING to +1 pair of boots of stealth.
  5153 | D:6      | 5153 ||| DROPPING +2 helmet.
  5154 | D:6      | 5154 ||| READING 2 scrolls labelled HIPRUI GOCVAF.
  5158 | D:6      | 5158 ||| READING 2 scrolls of identify.
  5158 | D:6      | 5158 ||| IDENTIFYING blue potion
  5159 | D:6      | 5159 ||| DROPPING potion of berserk rage.
  5230 | D:7      | 5230 ||| Stepping ~*~*~tactically~*~*~ (hiding).
  5233 | D:7      | 5233 ||| Stepping ~*~*~tactically~*~*~ (hiding).
  5234 | D:7      | 5234 ||| Stepping ~*~*~tactically~*~*~ (hiding).
  5323 | D:7      | 5323 ||| READING scroll of enchant armour.
  5323 | D:7      | 5323 ||| ENCHANTING +1 pair of boots of stealth.
  5403 | D:7      | 5403 ||| READING 2 scrolls of identify.
  5403 | D:7      | 5403 ||| IDENTIFYING grey potion
  5676 | D:7      | 5676 ||| INVOKING Heroism.
  5694 | D:7      | Reached skill level 3 in Invocations
  5727 | D:6      | 5727 ||| SHOPLISTING 2 potions of enlightenment (140 gold,
                  | have 84).
  5727 | D:6      | 5727 ||| BUYING scroll of identify (28 gold).
  5727 | D:6      | Bought a scroll of identify for 28 gold pieces
  5727 | D:6      | 5727 ||| READING 2 scrolls of identify.
  5727 | D:6      | 5727 ||| IDENTIFYING black potion
  5761 | D:7      | 5761 ||| INVOKING Heroism.
  5778 | D:7      | Reached skill level 9 in Axes
  6039 | D:7      | 6039 ||| READING 2 scrolls of identify.
  6039 | D:7      | 6039 ||| IDENTIFYING glowing white potion
  6093 | D:8      | 6093 ||| STAIRDANCE
  6120 | D:8      | 6120 ||| INVOKING Heroism.
  6148 | D:8      | 6148 ||| DROPPING +0 flail.
  6252 | D:8      | 6252 ||| INVOKING Heroism.
  6264 | D:8      | 6264 ||| INVOKING Heroism.
  6300 | D:8      | 6300 ||| Stepping ~*~*~tactically~*~*~ (hiding).
  6304 | D:8      | 6304 ||| INVOKING Heroism.
  6307 | D:8      | 6307 ||| Stepping ~*~*~tactically~*~*~ (hiding).
  6374 | D:8      | 6374 ||| Stepping ~*~*~tactically~*~*~ (water).
  6422 | D:8      | 6422 ||| Stepping ~*~*~tactically~*~*~ (hiding).
  6423 | D:8      | 6423 ||| Stepping ~*~*~tactically~*~*~ (hiding).
  6552 | D:8      | 6552 ||| Stepping ~*~*~tactically~*~*~ (hiding).
  6554 | D:8      | 6554 ||| Stepping ~*~*~tactically~*~*~ (hiding).
  6556 | D:8      | 6556 ||| Stepping ~*~*~tactically~*~*~ (hiding).
  6562 | D:8      | 6562 ||| INVOKING Heroism.
  6630 | D:8      | 6630 ||| INVOKING Heroism.
  6631 | D:8      | 6631 ||| Stepping ~*~*~tactically~*~*~ (cloud).
  6654 | D:8      | Reached XP level 10. HP: 47/63 MP: 13/13
  6719 | D:8      | Reached skill level 10 in Axes
  6887 | D:8      | 6887 ||| Stepping ~*~*~tactically~*~*~ (stealth).
  6888 | D:8      | 6888 ||| Stepping ~*~*~tactically~*~*~ (stealth).
  7085 | D:8      | 7085 ||| UPGRADING to +0 plate armour.
  7095 | D:8      | 7095 ||| DROPPING +0 chain mail.
  7096 | D:8      | 7096 ||| READING 2 scrolls of identify.
  7096 | D:8      | 7096 ||| IDENTIFYING fuming cyan potion
  7255 | D:9      | 7255 ||| INVOKING Heroism.
  7272 | D:9      | Reached skill level 6 in Armour
  7419 | D:9      | Noticed a kobold demonologist
  7420 | D:9      | Noticed a kobold demonologist
  7421 | D:9      | 7421 ||| Stepping ~*~*~tactically~*~*~ (stealth).
  7427 | D:9      | Noticed a sixfirhy
  7428 | D:9      | Killed a kobold demonologist
  7428 | D:9      | Reached ** piety under Okawaru
  7433 | D:9      | Noticed a rust devil
  7433 | D:9      | Killed a kobold demonologist
  7454 | D:9      | 7454 ||| Stepping ~*~*~tactically~*~*~ (hiding).
  7556 | D:9      | 7556 ||| INVOKING Heroism.
  7558 | D:9      | 7558 ||| Stepping ~*~*~tactically~*~*~ (stealth).
  7559 | D:9      | 7559 ||| Stepping ~*~*~tactically~*~*~ (stealth).
  7580 | D:9      | 7580 ||| SWAPPING to +1 war axe of electrocution.
  7581 | D:9      | 7581 ||| DROPPING +1 war axe.
  7751 | D:9      | 7751 ||| Stepping ~*~*~tactically~*~*~ (hiding).
  8176 | D:9      | 8176 ||| READING scroll labelled UGEDYOFIWEO.
  8257 | D:10     | Entered Level 10 of the Dungeon
  8257 | D:10     | Found a staircase to the Orcish Mines.
  8259 | D:10     | Found a glowing silver altar of Zin.
  8342 | D:10     | Noticed Lodul
  8343 | D:10     | 8343 ||| Stepping ~*~*~tactically~*~*~ (stealth).
  8352 | D:10     | 8352 ||| INVOKING Heroism.
  8362 | D:10     | Noticed a two-headed ogre
  8363 | D:10     | 8363 ||| Stepping ~*~*~tactically~*~*~ (stealth).
  8379 | D:10     | 8379 ||| Stepping ~*~*~tactically~*~*~ (stealth).
  8386 | D:10     | 8386 ||| Stepping ~*~*~tactically~*~*~ (stealth).
  8397 | D:10     | 8397 ||| INVOKING Heroism.
  8405 | D:10     | Reached skill level 11 in Axes
  8410 | D:10     | Killed a two-headed ogre
  8410 | D:10     | Reached *** piety under Okawaru
  8411 | D:10     | Reached skill level 9 in Fighting
  8411 | D:10     | Reached XP level 11. HP: 60/71 MP: 12/14
  8452 | D:10     | 8452 ||| Stepping ~*~*~tactically~*~*~ (hiding).
  8461 | D:10     | 8461 ||| Stepping ~*~*~tactically~*~*~ (stealth).
  8469 | D:10     | 8469 ||| Stepping ~*~*~tactically~*~*~ (stealth).
  8471 | D:10     | 8471 ||| Stepping ~*~*~tactically~*~*~ (stealth).
  8487 | D:10     | 8487 ||| Stepping ~*~*~tactically~*~*~ (stealth).
  8488 | D:10     | 8488 ||| INVOKING Heroism.
  8525 | D:10     | 8525 ||| INVOKING Heroism.
  8547 | D:10     | Killed Lodul
  8555 | D:10     | Reached **** piety under Okawaru
  8620 | D:10     | 8620 ||| Stepping ~*~*~tactically~*~*~ (hiding).
  8652 | D:10     | 8652 ||| Stepping ~*~*~tactically~*~*~ (hiding).
  8653 | D:10     | 8653 ||| Stepping ~*~*~tactically~*~*~ (hiding).
  8903 | D:10     | 8903 ||| READING scroll labelled ROZASE KARPH.
  8904 | D:10     | 8904 ||| READING 2 scrolls of identify.
  8904 | D:10     | 8904 ||| IDENTIFYING sedimented green potion
  9137 | D:11     | Noticed a cyclops
  9138 | D:11     | 9138 ||| Stepping ~*~*~tactically~*~*~ (hiding).
  9144 | D:11     | 9144 ||| INVOKING Heroism.
  9148 | D:11     | Noticed a cyclops
  9152 | D:11     | Killed a cyclops
  9153 | D:11     | Reached skill level 12 in Axes
  9164 | D:11     | Killed a cyclops
  9310 | D:11     | Noticed a cyclops
  9311 | D:11     | 9311 ||| INVOKING Heroism.
  9313 | D:11     | Killed a cyclops
  9412 | D:11     | Found a staircase to the Lair.
  9459 | D:11     | Reached skill level 6 in Invocations
  9577 | D:11     | 9577 ||| PLANNING LAIR
  9577 | D:11     | 9577 ||| UPGRADING to +4 ring of protection.
  9578 | D:11     | 9578 ||| READING scroll labelled RAINKY SOADOC.
  9595 | Lair:1   | Entered Level 1 of the Lair of Beasts
  9596 | Lair:1   | 9596 ||| STAIRDANCE
  9705 | Lair:1   | 9705 ||| Stepping ~*~*~tactically~*~*~ (stealth).
  9706 | Lair:1   | 9706 ||| Stepping ~*~*~tactically~*~*~ (stealth).
  9707 | Lair:1   | 9707 ||| INVOKING Heroism.
  9716 | Lair:1   | Received a gift from Okawaru
  9919 | Lair:1   | Noticed Grum
  9920 | Lair:1   | 9920 ||| INVOKING Heroism.
  9938 | Lair:1   | Killed Grum
 10047 | Lair:1   | 10047 ||| Stepping ~*~*~tactically~*~*~ (stealth).
 10048 | Lair:1   | 10048 ||| Stepping ~*~*~tactically~*~*~ (stealth).
 10067 | Lair:1   | Reached skill level 6 in Shields
 10132 | Lair:1   | 10132 ||| INVOKING Heroism.
 10183 | Lair:1   | 10183 ||| INVOKING Heroism.
 10196 | Lair:1   | Reached XP level 12. HP: 76/76 MP: 15/17
 10312 | Lair:1   | 10312 ||| INVOKING Heroism.
 10336 | Lair:1   | Found a frozen archway.
 10664 | Lair:1   | 10664 ||| UPGRADING to +0 pair of gloves.
 10669 | Lair:1   | 10669 ||| READING 2 scrolls of identify.
 10669 | Lair:1   | 10669 ||| IDENTIFYING metallic white potion
 10670 | Lair:1   | 10670 ||| DROPPING potion of ambrosia.
 10703 | Lair:2   | 10703 ||| PLANNING GAUNTLET
 10744 | Lair:2   | 10744 ||| Stepping ~*~*~tactically~*~*~ (stealth).
 10834 | Lair:2   | 10834 ||| INVOKING Heroism.
 10846 | Lair:2   | Reached skill level 9 in Armour
 10854 | Lair:2   | Noticed a death yak
 10859 | Lair:2   | Reached skill level 9 in Invocations
 10865 | Lair:2   | 10865 ||| INVOKING Heroism.
 10890 | Lair:2   | Killed a death yak
 10899 | Lair:2   | Reached ***** piety under Okawaru
 10926 | Lair:2   | 10926 ||| INVOKING Heroism.
 10944 | Lair:2   | Received a gift from Okawaru
 10955 | Lair:2   | 10955 ||| Stepping ~*~*~tactically~*~*~ (stealth).
 10986 | Lair:2   | 10986 ||| INVOKING Heroism.
 10990 | Lair:2   | 10990 ||| Stepping ~*~*~tactically~*~*~ (stealth).
 11012 | Lair:2   | 11012 ||| Stepping ~*~*~tactically~*~*~ (stealth).
 11017 | Lair:2   | 11017 ||| Stepping ~*~*~tactically~*~*~ (stealth).
 11026 | Lair:2   | Reached skill level 3 in Throwing
 11074 | Lair:2   | 11074 ||| READING 3 scrolls of enchant armour.
 11074 | Lair:2   | 11074 ||| ENCHANTING +0 pair of gloves.
 11075 | Lair:2   | 11075 ||| READING 2 scrolls of enchant armour.
 11075 | Lair:2   | 11075 ||| ENCHANTING +1 pair of gloves.
 11076 | Lair:2   | 11076 ||| READING scroll of enchant armour.
 11076 | Lair:2   | 11076 ||| ENCHANTING +0 plate armour.
 11094 | Lair:2   | 11094 ||| INVOKING Heroism.
 11095 | Lair:2   | Noticed an eight-headed hydra
 11096 | Lair:2   | 11096 ||| SWAPPING to +2 hand axe of flaming.
 11108 | Lair:2   | Killed a one-headed hydra
 11109 | Lair:2   | 11109 ||| SWAPPING to +1 war axe of electrocution.
 11142 | Lair:2   | 11142 ||| INVOKING Heroism.
 11151 | Lair:2   | Reached skill level 13 in Axes
 11160 | Lair:2   | Reached XP level 13. HP: 82/82 MP: 20/20
 11226 | Lair:2   | Found a gate leading to a gauntlet.
 11227 | Lair:2   | 11227 ||| READING 3 scrolls of identify.
 11227 | Lair:2   | 11227 ||| IDENTIFYING orange potion
 11234 | Gauntlet | Entered a Gauntlet
 11234 | Gauntlet | Found a transporter.
 11234 | Gauntlet | Found a transporter.
 11253 | Gauntlet | Found a transporter.
 11256 | Gauntlet | Found a transporter.
 11263 | Gauntlet | Found a runed translucent door.
 11266 | Gauntlet | Found a transporter.
 11268 | Gauntlet | Found a transporter.
 11272 | Gauntlet | Found a runed translucent door.
 11272 | Gauntlet | Found a runed translucent door.
 11276 | Gauntlet | Found a transporter.
 11292 | Gauntlet | Found a transporter.
 11307 | Gauntlet | Found a transporter.
 11311 | Gauntlet | Found a transporter.
 11320 | Gauntlet | Found a transporter.
 11323 | Gauntlet | Found a transporter.
 11370 | Gauntlet | 11370 ||| INVOKING Heroism.
 11370 | Gauntlet | HP: 20/82 [fire crab (13)]
 11371 | Gauntlet | 11371 ||| DRINKING 3 potions of heal wounds.
 11375 | Gauntlet | HP: 19/82 [fire crab (3)]
 11376 | Gauntlet | 11376 ||| DRINKING 2 potions of heal wounds.
 11454 | Gauntlet | 11454 ||| DRINKING 7 potions of curing.
 11454 | Gauntlet | 11454 ||| (to cure confusion)
 11457 | Gauntlet | 11457 ||| DRINKING 6 potions of curing.
 11457 | Gauntlet | 11457 ||| (to cure confusion)
 11458 | Gauntlet | 11458 ||| DRINKING 5 potions of curing.
 11458 | Gauntlet | 11458 ||| (to cure confusion)
 11460 | Gauntlet | 11460 ||| DRINKING 4 potions of curing.
 11460 | Gauntlet | 11460 ||| (to cure confusion)
 11463 | Gauntlet | 11463 ||| DRINKING 3 potions of curing.
 11463 | Gauntlet | 11463 ||| (to cure confusion)
 11465 | Gauntlet | 11465 ||| DRINKING 2 potions of curing.
 11465 | Gauntlet | 11465 ||| (to cure confusion)
 11468 | Gauntlet | 11468 ||| DRINKING potion of curing.
 11468 | Gauntlet | 11468 ||| (to cure confusion)
 13149 | Gauntlet | Identified the +0 cloak of Qazlal's Inspiration {rC+ MP+9
                  | Str+3}
 13153 | Gauntlet | 13153 ||| READING scroll of enchant armour.
 13153 | Gauntlet | 13153 ||| ENCHANTING +1 plate armour.
 13154 | Gauntlet | 13154 ||| UPGRADING to +0 cloak of Qazlal's Inspiration
                  | {rC+ MP+9 Str+3}.
 13231 | Gauntlet | Noticed a minotaur
 13232 | Gauntlet | 13232 ||| INVOKING Heroism.
 13247 | Gauntlet | Killed a minotaur
 13292 | Gauntlet | Identified the +3 dagger "Faompo" {elec, Will++ Str+4}
 13401 | Lair:2   | 13401 ||| PLANNING LAIR
 13449 | Lair:2   | 13449 ||| INVOKING Heroism.
 13549 | Lair:2   | Received a gift from Okawaru
 13555 | Lair:2   | 13555 ||| INVOKING Heroism.
 13611 | Lair:2   | Found a staircase to the Snake Pit.
 13639 | Lair:2   | 13639 ||| INVOKING Heroism.
 13693 | Lair:2   | 13693 ||| INVOKING Heroism.
 13898 | Lair:2   | 13898 ||| INVOKING Heroism.
 14051 | Lair:2   | 14051 ||| FLEEEEING.
 14052 | Lair:2   | 14052 ||| FLEEEEING.
 14053 | Lair:2   | 14053 ||| INVOKING Heroism.
 14097 | Lair:2   | 14097 ||| INVOKING Heroism.
 14108 | Lair:2   | Reached skill level 14 in Axes
 14161 | Lair:2   | 14161 ||| Stepping ~*~*~tactically~*~*~ (stealth).
 14163 | Lair:2   | 14163 ||| Stepping ~*~*~tactically~*~*~ (stealth).
 14164 | Lair:2   | 14164 ||| Stepping ~*~*~tactically~*~*~ (stealth).
 14165 | Lair:2   | 14165 ||| Stepping ~*~*~tactically~*~*~ (stealth).
 14166 | Lair:2   | 14166 ||| Stepping ~*~*~tactically~*~*~ (stealth).
 14167 | Lair:2   | 14167 ||| Stepping ~*~*~tactically~*~*~ (stealth).
 14168 | Lair:2   | 14168 ||| Stepping ~*~*~tactically~*~*~ (stealth).
 14169 | Lair:2   | 14169 ||| Stepping ~*~*~tactically~*~*~ (stealth).
 14170 | Lair:2   | 14170 ||| Stepping ~*~*~tactically~*~*~ (stealth).
 14171 | Lair:2   | 14171 ||| Stepping ~*~*~tactically~*~*~ (stealth).
 14172 | Lair:2   | 14172 ||| Stepping ~*~*~tactically~*~*~ (stealth).
 14173 | Lair:2   | 14173 ||| Stepping ~*~*~tactically~*~*~ (stealth).
 14174 | Lair:2   | 14174 ||| Stepping ~*~*~tactically~*~*~ (stealth).
 14175 | Lair:2   | 14175 ||| Stepping ~*~*~tactically~*~*~ (stealth).
 14176 | Lair:2   | 14176 ||| Stepping ~*~*~tactically~*~*~ (stealth).
 14177 | Lair:2   | 14177 ||| Stepping ~*~*~tactically~*~*~ (stealth).
 14178 | Lair:2   | 14178 ||| Stepping ~*~*~tactically~*~*~ (stealth).
 14179 | Lair:2   | 14179 ||| Stepping ~*~*~tactically~*~*~ (stealth).
 14180 | Lair:2   | 14180 ||| Stepping ~*~*~tactically~*~*~ (stealth).
 14181 | Lair:2   | 14181 ||| Stepping ~*~*~tactically~*~*~ (stealth).
 14182 | Lair:2   | 14182 ||| Stepping ~*~*~tactically~*~*~ (stealth).
 14183 | Lair:2   | 14183 ||| Stepping ~*~*~tactically~*~*~ (stealth).
 14184 | Lair:2   | 14184 ||| Stepping ~*~*~tactically~*~*~ (stealth).
 14189 | Lair:2   | 14189 ||| INVOKING Heroism.
 14190 | Lair:2   | 14190 ||| SWAPPING to +2 hand axe of flaming.
 14200 | Lair:2   | 14200 ||| SWAPPING to +1 war axe of electrocution.
 14317 | Lair:3   | 14317 ||| INVOKING Heroism.
 14323 | Lair:3   | Received a gift from Okawaru
 14408 | Lair:3   | 14408 ||| Stepping ~*~*~tactically~*~*~ (stealth).
 14410 | Lair:3   | 14410 ||| INVOKING Heroism.
 14411 | Lair:3   | 14411 ||| Stepping ~*~*~tactically~*~*~ (stealth).
 14446 | Lair:3   | 14446 ||| INVOKING Heroism.
 14527 | Lair:3   | Received a gift from Okawaru
 14528 | Lair:3   | 14528 ||| INVOKING Heroism.
 14549 | Lair:3   | 14549 ||| READING scroll of enchant weapon.
 14549 | Lair:3   | 14549 ||| ENCHANTING +1 war axe of electrocution.
 14570 | Lair:3   | 14570 ||| READING scroll of enchant armour.
 14570 | Lair:3   | 14570 ||| ENCHANTING +2 plate armour.
 14609 | Lair:3   | 14609 ||| INVOKING Heroism.
 14677 | Lair:3   | 14677 ||| INVOKING Heroism.
 14705 | Lair:3   | Found a staircase to the Shoals.
 14802 | Lair:3   | 14802 ||| Stepping ~*~*~tactically~*~*~ (stealth).
 14856 | Lair:3   | Found a transporter.
 14860 | Lair:3   | Found a transporter.
 15070 | Lair:3   | 15070 ||| UPGRADING to ring of willpower.
 15071 | Lair:3   | 15071 ||| READING scroll labelled ELUOSHRU FUOD.
 15072 | Lair:3   | 15072 ||| READING scroll labelled QAMAN KUZIO.
 15073 | Lair:3   | 15073 ||| DRINKING 2 fizzy white potions.
 15101 | Lair:4   | 15101 ||| INVOKING Heroism.
 15177 | Lair:4   | Identified the +0 chain mail of the Spheres {Contam rElec
                  | Regen+}
 15253 | Lair:4   | 15253 ||| INVOKING Heroism.
 15255 | Lair:4   | Received a gift from Okawaru
 15294 | Lair:4   | 15294 ||| Stepping ~*~*~tactically~*~*~ (stealth).
 15297 | Lair:4   | 15297 ||| Stepping ~*~*~tactically~*~*~ (stealth).
 15308 | Lair:4   | 15308 ||| Stepping ~*~*~tactically~*~*~ (stealth).
 15310 | Lair:4   | 15310 ||| Stepping ~*~*~tactically~*~*~ (stealth).
 15332 | Lair:4   | 15332 ||| INVOKING Heroism.
 15336 | Lair:4   | Gained mutation: Your large and strong wings let you fly.
                  | [Gargoyle growth]
 15336 | Lair:4   | Reached XP level 14. HP: 90/90 MP: 21/21
 15342 | Lair:4   | 15342 ||| Stepping ~*~*~tactically~*~*~ (stealth).
 15372 | Lair:4   | 15372 ||| Stepping ~*~*~tactically~*~*~ (hiding).
 15373 | Lair:4   | 15373 ||| Stepping ~*~*~tactically~*~*~ (hiding).
 15405 | Lair:4   | 15405 ||| Stepping ~*~*~tactically~*~*~ (stealth).
 15406 | Lair:4   | 15406 ||| Stepping ~*~*~tactically~*~*~ (stealth).
 15489 | Lair:4   | 15489 ||| Stepping ~*~*~tactically~*~*~ (stealth).
 15490 | Lair:4   | 15490 ||| Stepping ~*~*~tactically~*~*~ (stealth).
 15492 | Lair:4   | 15492 ||| Stepping ~*~*~tactically~*~*~ (stealth).
 15891 | Lair:4   | 15891 ||| DROPPING +0 chain mail of the Spheres {Contam
                  | rElec Regen+}.
 15892 | Lair:4   | 15892 ||| READING scroll labelled ILYSAJYESM.
 15944 | Lair:5   | Entered Level 5 of the Lair of Beasts
 15947 | Lair:5   | 15947 ||| Stepping ~*~*~tactically~*~*~ (stealth).
 15992 | Lair:5   | Found a staircase to the Slime Pits.
 15994 | Lair:5   | 15994 ||| Stepping ~*~*~tactically~*~*~ (stealth).
 15996 | Lair:5   | 15996 ||| Stepping ~*~*~tactically~*~*~ (stealth).
 16132 | Lair:5   | 16132 ||| Stepping ~*~*~tactically~*~*~ (stealth).
 16146 | Lair:5   | 16146 ||| INVOKING Heroism.
 16150 | Lair:5   | Reached skill level 15 in Axes
 16167 | Lair:5   | 16167 ||| INVOKING Heroism.
 16173 | Lair:5   | Received a gift from Okawaru
 16182 | Lair:5   | Reached skill level 12 in Fighting
 16222 | Lair:5   | 16222 ||| Stepping ~*~*~tactically~*~*~ (stealth).
 16237 | Lair:5   | 16237 ||| Stepping ~*~*~tactically~*~*~ (stealth).
 16253 | Lair:5   | 16253 ||| Stepping ~*~*~tactically~*~*~ (stealth).
 16255 | Lair:5   | 16255 ||| Stepping ~*~*~tactically~*~*~ (stealth).
 16256 | Lair:5   | 16256 ||| Stepping ~*~*~tactically~*~*~ (stealth).
 16403 | Lair:5   | 16403 ||| FLEEEEING.
 16405 | Lair:5   | 16405 ||| FLEEEEING.
 16407 | Lair:5   | 16407 ||| INVOKING Heroism.
 16446 | Lair:5   | 16446 ||| Stepping ~*~*~tactically~*~*~ (stealth).
 16448 | Lair:5   | 16448 ||| Stepping ~*~*~tactically~*~*~ (stealth).
 16450 | Lair:5   | 16450 ||| Stepping ~*~*~tactically~*~*~ (stealth).
 16453 | Lair:5   | 16453 ||| Stepping ~*~*~tactically~*~*~ (stealth).
 16455 | Lair:5   | 16455 ||| Stepping ~*~*~tactically~*~*~ (stealth).
 16526 | Lair:5   | Reached skill level 6 in Throwing
 16648 | Lair:5   | 16648 ||| Stepping ~*~*~tactically~*~*~ (stealth).
 16649 | Lair:5   | 16649 ||| Stepping ~*~*~tactically~*~*~ (hiding).
 16654 | Lair:5   | 16654 ||| INVOKING Heroism.
 16677 | Lair:5   | 16677 ||| INVOKING Heroism.
 16758 | Lair:5   | Received a gift from Okawaru
 16846 | Lair:5   | Identified the +1 ring mail of Instinct {Regen+ Int+2}
 16896 | Lair:5   | 16896 ||| Stepping ~*~*~tactically~*~*~ (hiding).
 17050 | Lair:5   | 17050 ||| INVOKING Heroism.
 17051 | Lair:5   | 17051 ||| INVOKING Finesse.
 17055 | Lair:5   | 17055 ||| SWAPPING to +2 hand axe of flaming.
 17059 | Lair:5   | 17059 ||| SWAPPING to +2 war axe of electrocution.
 17224 | Lair:5   | 17224 ||| PLANNING D
 17331 | D:12     | Reached skill level 16 in Axes
 17396 | D:12     | 17396 ||| INVOKING Heroism.
 17397 | D:12     | 17397 ||| INVOKING Finesse.
 17425 | D:12     | Noticed Jorgrun
 17426 | D:12     | 17426 ||| Stepping ~*~*~tactically~*~*~ (stealth).
 17458 | D:12     | 17458 ||| Stepping ~*~*~tactically~*~*~ (stealth).
 17467 | D:12     | Reached skill level 3 in Dodging
 17468 | D:12     | 17468 ||| Stepping ~*~*~tactically~*~*~ (hiding).
 17477 | D:12     | Reached XP level 15. HP: 96/96 MP: 22/22
 17589 | D:12     | Found a shadowy altar of Dithmenos.
 17596 | D:12     | 17596 ||| Stepping ~*~*~tactically~*~*~ (hiding).
 17598 | D:12     | 17598 ||| Stepping ~*~*~tactically~*~*~ (hiding).
 17599 | D:12     | 17599 ||| INVOKING Heroism.
 17600 | D:12     | 17600 ||| INVOKING Finesse.
 17616 | D:12     | Killed Jorgrun
 17685 | D:12     | 17685 ||| FLEEEEING.
 17705 | D:12     | Reached skill level 12 in Armour
 17712 | D:12     | 17712 ||| INVOKING Heroism.
 17716 | D:12     | Received a gift from Okawaru
 18197 | D:13     | 18197 ||| READING 4 scrolls of teleportation.
 18198 | D:13     | 18198 ||| INVOKING Heroism.
 18225 | D:13     | 18225 ||| READING scroll of enchant armour.
 18225 | D:13     | 18225 ||| ENCHANTING +3 plate armour.
 18298 | D:13     | 18298 ||| Stepping ~*~*~tactically~*~*~ (stealth).
 18300 | D:13     | 18300 ||| Stepping ~*~*~tactically~*~*~ (stealth).
 18302 | D:13     | 18302 ||| Stepping ~*~*~tactically~*~*~ (stealth).
 18305 | D:13     | 18305 ||| Stepping ~*~*~tactically~*~*~ (stealth).
 18344 | D:13     | Found Ajacuphy's Distillery.
 18358 | D:13     | 18358 ||| BUYING potion of attraction (33 gold).
 18358 | D:13     | Bought a potion of attraction for 33 gold pieces
 18358 | D:13     | 18358 ||| BUYING potion of curing (33 gold).
 18358 | D:13     | Bought a potion of curing for 33 gold pieces
 18358 | D:13     | 18358 ||| BUYING potion of heal wounds (55 gold).
 18358 | D:13     | Bought a potion of heal wounds for 55 gold pieces
 18358 | D:13     | 18358 ||| BUYING potion of lignification (33 gold).
 18358 | D:13     | Bought a potion of lignification for 33 gold pieces
 18358 | D:13     | 18358 ||| BUYING potion of magic (88 gold).
 18358 | D:13     | Bought a potion of magic for 88 gold pieces
 18358 | D:13     | 18358 ||| BUYING potion of magic (88 gold).
 18358 | D:13     | Bought a potion of magic for 88 gold pieces
 18358 | D:13     | 18358 ||| BUYING potion of might (44 gold).
 18358 | D:13     | Bought a potion of might for 44 gold pieces
 18654 | D:13     | Found Xuschent's General Store.
 18673 | D:13     | Found Plog's General Store.
 18675 | D:13     | 18675 ||| BUYING potion of attraction (39 gold).
 18675 | D:13     | Bought a potion of attraction for 39 gold pieces
 18675 | D:13     | 18675 ||| BUYING potion of curing (39 gold).
 18675 | D:13     | Bought a potion of curing for 39 gold pieces
 18684 | D:13     | 18684 ||| BUYING potion of attraction (33 gold).
 18684 | D:13     | Bought a potion of attraction for 33 gold pieces
 18684 | D:13     | 18684 ||| BUYING potion of enlightenment (55 gold).
 18684 | D:13     | Bought a potion of enlightenment for 55 gold pieces
 18684 | D:13     | 18684 ||| BUYING potion of mutation (88 gold).
 18684 | D:13     | Bought a potion of mutation for 88 gold pieces
 18707 | D:13     | 18707 ||| INVOKING Heroism.
 18708 | D:13     | 18708 ||| INVOKING Finesse.
 18713 | D:13     | 18713 ||| SWAPPING to +2 hand axe of flaming.
 18722 | D:13     | 18722 ||| SWAPPING to +2 war axe of electrocution.
 18788 | D:13     | Found Cagg's Assorted Antiques.
 18791 | D:13     | 18791 ||| BUYING potion of might (112 gold).
 18791 | D:13     | Bought a potion of might for 112 gold pieces
 18833 | D:13     | 18833 ||| UPGRADING to ring of see invisible.
 18879 | D:14     | Received a gift from Okawaru
 19169 | D:14     | 19169 ||| FLEEEEING.
 19170 | D:14     | 19170 ||| FLEEEEING.
 19171 | D:14     | 19171 ||| FLEEEEING.
 19216 | D:14     | Received a gift from Okawaru
 19281 | D:14     | 19281 ||| Stepping ~*~*~tactically~*~*~ (stealth).
 19407 | D:14     | Found a gate to the Vaults.
 19470 | D:14     | 19470 ||| Stepping ~*~*~tactically~*~*~ (hiding).
 19478 | D:14     | Received a gift from Okawaru
 19623 | D:14     | 19623 ||| READING scroll labelled DIMOER JIWK.
 19668 | D:15     | Entered Level 15 of the Dungeon
 19703 | Abyss:2  | Cast into level 2 of the Abyss (a wizard)
 19743 | Abyss:2  | 19743 ||| Stepping ~*~*~tactically~*~*~ (stealth).
 19753 | Abyss:2  | 19753 ||| Stepping ~*~*~tactically~*~*~ (stealth).
 19757 | Abyss:2  | 19757 ||| INVOKING Heroism.
 19758 | Abyss:2  | 19758 ||| INVOKING Finesse.
 19776 | Abyss:2  | Paralysed by accursed screaming for 2 turns
 19778 | Abyss:2  | Killed from afar by a hell hog

Levels and vault maps discovered:
D:1:      dpeg_arrival_stone_temple_mockup, layout_loops_corners,
          basic_ecumenical_altar
D:2:      layout_basic, basic_altar, uniq_robin
D:3:      layout_loops_ring, gup_sewer_entry_bubbles, kennysheep_generic_room_16
D:4:      layout_gridville, nicolae_gozag_seed_capital,
          minmay_temple_entry_tees, dk_vineyard_1, uniq_natasha
D:5:      layout_rooms, mainiacjoe_overflow_concentric_impassable,
          tso_metal_star, kennysheep_generic_room_11
D:6:      layout_basic, mainiacjoe_overflow_swirl,
          nicolae_shop_distant_corner_stores, hangedman_decor_diamond_cutter,
          uniq_eustachio
D:7:      layout_loops_cross, lightli_minifort
D:8:      layout_basic, serial_bayou, serial_bayou_shore_a, serial_bayou_pond_a,
          serial_bayou_crossing, serial_bayou_pond_a, grunt_ministairs_13
D:9:      layout_stronghold
D:10:     layout_rooms, mainiacjoe_overflow_tiny_flanked, david_orc_2,
          serial_ice, serial_ice_h, serial_ice_f, serial_ice_a, serial_ice_c,
          serial_ice_e, serial_ice_g, serial_ice_m, serial_ice_b, uniq_lodul
D:11:     layout_irregular_city, lair_entry_dummy
D:12:     layout_loops_cross, grunt_dithmenos_smoke_and_mirrors, uniq_jorgrun
D:13:     layout_roguey, serial_shops, nicolae_shop_behind_doors, shop,
          nicolae_shop_gibbet_a_chance, shop
D:14:     layout_roguey, grunt_vaults_entry_fortified, minmay_misc_feat_rows,
          minmay_strange_pillars
D:15:     hangedman_depths_entry_civil_slaughter, layout_rooms,
          amcnicky_mini_pool_small
Temple:   eino_temple_scatter_basement
Lair:1:   layout_long_grid, portal_ice_cave_rime, uniq_grum
Lair:2:   nzn_winding_woodlands_large [nzn_winding_woodlands_5x5_checkerboard,
          nzn_winding_woodlands_5x15_crooked, nzn_winding_woodlands_5x5_three,
          nzn_winding_woodlands_center_pierced_h,
          nzn_winding_woodlands_15x15_five_gardens,
          nzn_winding_woodlands_center_triple_pond,
          nzn_winding_woodlands_5x5_default,
          nzn_winding_woodlands_5x15_lazy_stream,
          nzn_winding_woodlands_5x5_open_star], layout_regular_city,
          minmay_snake_entry_six_corridors, gauntlet_entry_generic
Lair:3:   gammafunk_boulding_lane, layout_chaotic_city, elwin_shoals_entry_rocks
Lair:4:   lemuel_reptile_caves, layout_gridlike
Lair:5:   minmay_lair_end_frog_pond, layout_long_grid,
          minmay_slime_entry_pillars
Abyss:2:  base: D:12, evilmike_abyss_exit_chaos, small_statue_intersection

Skill      XL: |  1  2  3  4  5  6  7  8  9 10 11 12 13 14 15 |
---------------+----------------------------------------------+-----
Axes           | 2 3 4 5 6 7 8 9 11 12 13 14 16 | 16.0
Fighting       | 4 5 6 7 9 10 11 12 13 | 13.0
Dodging        | 1 2 3 |  3.0
Throwing       | 1 2 3 5 6 7 |  7.0
Invocations    | 2 4 7 10 | 10.0
Armour         | 5 7 8 9 11 13 | 13.0
Shields        | 4 5 6 7 8 |  8.9

Action                     |  1- 3 |  4- 6 |  7- 9 | 10-12 | 13-15 || total
---------------------------+-------+-------+-------+-------+-------++-------
  Melee: War axe           |    77 |   179 |   294 |   522 |   815 ||  1887
         Hand axe          |       |       |       |    11 |    18 ||    29
  Throw: Boomerang         |       |    19 |    76 |    18 |    17 ||   130
         Javelin           |       |       |       |    29 |   221 ||   250
 Invoke: Heroism           |       |       |     8 |    19 |    31 ||    58
         Finesse           |       |       |       |       |     5 ||     5
    Use: Scroll            |     2 |     2 |     9 |     9 |    10 ||    32
         Potion            |     1 |     1 |     3 |       |    10 ||    15
   Stab: Distracted        |       |       |     1 |       |       ||     1
 Armour: Scale mail        |    54 |    69 |    70 |       |       ||   193
         Chain mail        |       |       |    56 |    26 |       ||    82
         Plate armour      |       |       |       |   237 |   396 ||   633
  Dodge: Dodged            |    41 |    57 |    72 |   124 |   210 ||   504
  Block: Buckler           |    15 |    77 |   119 |   237 |   286 ||   734
         Reflection        |       |       |     1 |    13 |     8 ||    22

Table legend:
 A = Non-vault XP
 B = Vault XP
 C = Vault XP percentage of total XP
 D = Non-vault monster count
 E = Vault monster count
 F = Vault count percentage of total count
                 A         B        C        D         E       F
            +---------+---------+-------+---------+---------+-------
      Total |   71446 |   44199 |  38.2 |     364 |     206 |  36.1
            +---------+---------+-------+---------+---------+-------
        D:1 |      13 |       0 |   0.0 |       8 |       0 |   0.0
        D:2 |      68 |      33 |  32.7 |      13 |      11 |  45.8
        D:3 |     180 |      86 |  32.3 |      16 |      10 |  38.5
        D:4 |     373 |      35 |   8.6 |      25 |       1 |   3.8
        D:5 |     477 |     126 |  20.9 |      16 |       1 |   5.9
        D:6 |     820 |     188 |  18.7 |      22 |       1 |   4.3
        D:7 |     354 |     327 |  48.0 |       7 |       9 |  56.2
        D:8 |    2189 |     126 |   5.4 |      28 |       5 |  15.2
        D:9 |    1802 |       0 |   0.0 |      28 |       0 |   0.0
       D:10 |    3281 |    2787 |  45.9 |      21 |      26 |  55.3
       D:11 |    2182 |       0 |   0.0 |       6 |       0 |   0.0
       D:12 |    8271 |    1767 |  17.6 |      29 |       1 |   3.3
       D:13 |    6228 |       0 |   0.0 |      15 |       0 |   0.0
       D:14 |    6282 |    6614 |  51.3 |      12 |      10 |  45.5
     Lair:1 |    3439 |    1302 |  27.5 |      15 |       6 |  28.6
     Lair:2 |    5351 |   15457 |  74.3 |      16 |      50 |  75.8
     Lair:3 |    6582 |       0 |   0.0 |      24 |       0 |   0.0
     Lair:4 |    3658 |    2275 |  38.3 |      14 |      30 |  68.2
     Lair:5 |   18304 |    8947 |  32.8 |      47 |      36 |  43.4
    Abyss:2 |    1592 |     349 |  18.0 |       2 |       2 |  50.0
   Gauntlet |       0 |    3780 | 100.0 |       0 |       7 | 100.0
            +---------+---------+-------+---------+---------+-------
